 Dungeon Crawl Stone Soup version 0.28-a0-429-g1448048969 (webtiles) character file.

Game seed: 6171931517861960945

767 Maimakterion the Magician (level 7, 0/51 HPs)
             Began as a Demonspawn Fire Elementalist on Sept 12, 2021.
             Was a Priest of Ru.
             Slain by Pikel (1 damage)
             ... on level 6 of the Dungeon.
             The game lasted 00:09:45 (6304 turns).

Maimakterion the Magician (DsFE)                    Turns: 6304, Time: 00:09:46

Health: 0/51       AC:  2    Str:  8    XL:     7   Next: 52%
Magic:  13/23      EV: 10    Int: 18    God:    Ru [***...]
Gold:   245        SH:  8    Dex: 14    Spells: 3/16 levels left

rFire   . . .      SeeInvis .   f - +3 whip (vamp)
rCold   . . .      Faith    .   e - +0 kite shield
rNeg    . . .      Spirit   .   a - +0 robe
rPois   .          Reflect  .   (helmet restricted)
rElec   .          Harm     .   (no cloak)
rCorr   +          Rampage  .   (no gloves)
Will    .....                   (no boots)
Stlth   ++........              (no amulet)
HPRegen 0.17/turn               d - ring of magical power
MPRegen 0.18/turn               t - ring of resist corrosion

@: no status effects
A: antennae 1, powered by death 1, inability to use devices, hated by all
a: Renounce Religion, Draw Out Power


You were on level 6 of the Dungeon.
You worshipped Ru.
Ru was most pleased with you.
You visited 1 branch of the dungeon, and saw 6 of its levels.

You collected 245 gold pieces.

Inventory:

Hand Weapons
 f - a +3 vampiric whip (weapon)
Armour
 a - a +0 robe (worn)
 e - a +0 kite shield (worn)
Jewellery
 d - a ring of magical power (left hand)
 t - a ring of resist corrosion (right hand)
Scrolls
 b - 2 scrolls of enchant armour {unknown}
 g - a scroll of enchant weapon
 p - a scroll of brand weapon
 q - a scroll of teleportation
 s - 2 scrolls of magic mapping {unknown}
 v - a scroll of amnesia {unknown}
Potions
 i - 3 potions of attraction
 j - 4 potions of curing {unknown}
 k - 3 potions of flight {unknown}
 l - a potion of magic {unknown}
 m - a potion of might {unknown}
 n - a potion of degeneration {unknown}
 o - a potion of berserk rage {unknown}
 r - a potion of lignification {unknown}
 u - a potion of mutation {unknown}


   Skills:
 * Level 2.8 Fighting
 * Level 3.0 Dodging
 - Level 1.7 Stealth
 * Level 2.1 Shields
 - Level 5.0 Spellcasting
 + Level 2.4 Conjurations
 + Level 4.0 Fire Magic
 * Level 1.0 Earth Magic


You had 3 spell levels left.
You knew the following spells:

 Your Spells              Type           Power      Damage    Failure   Level
a - Foxfire               Conj/Fire      64%        2x1d7     19%         1
b - Scorch                Fire           38%        2d6       19%         2
c - Stone Arrow           Conj/Erth      20%        3d8       71%         3
d - Flame Wave            Conj/Fire      16%        3d5       87%         4
e - Conjure Flame         Conj/Fire      16%        6-21      47%         3

Your spell library contained the following spells:

 Spells                   Type           Power      Damage    Failure   Level
 Inner Flame              Hex/Fire       11%        N/A       65%         3
 Frozen Ramparts          Ice            8%         1d2       90%         3
 Ice Form                 Ice/Tmut       4%         N/A       100%        4
 Lehudib's Crystal Spear  Conj/Erth      5%         10d3      100%        8
 Animate Armour           Summ/Erth      Unusable   N/A       N/A         4
 Summon Ice Beast         Ice/Summ       Unusable   N/A       N/A         4

Dungeon Overview and Level Annotations

Branches:
Dungeon (6/15)
 Temple: D:4-7

Altars:
Ru
Uskayaw
Vehumet

Shops:
D:6 *

Annotations:
D:6 Pikel


Innate Abilities, Weirdness & Mutations

You have a pair of small antennae on your head.
You regenerate a little health from kills.
You cannot study or use magical devices.
You are hated by all.


Message History

Confirm with . or Enter, or press ? or * to list all spells.
Flames lash the lemure.
The lemure is lightly wounded.
The lemure's fire resistance burns away.
The foxfire hits Pikel but does no damage. x2
Pikel hits you with a +0 whip of freezing.
Pikel freezes you.
Pikel is stunned by your conviction and fails to attack.
The lemure hits you. x2
You take 6 damage, and have 29/51 hp.
You now have 12/23 mp.
The black bear barely misses you. x2; The black bear claws you.
You take 4 damage, and have 25/51 hp.
Pikel stops glowing.
The lemure is no longer more vulnerable to fire. x2
Pikel hits you with a +0 whip of freezing.
Pikel freezes you.
You take 7 damage, and have 18/51 hp.
Pikel hits you with a +0 whip of freezing!
* * * LOW HITPOINT WARNING * * *
Pikel freezes you.
* * * LOW HITPOINT WARNING * * *
You take 14 damage, and have 4/51 hp.
MASSIVE DAMAGE!!
You feel much better.
Pikel hits you with a +0 whip of freezing!
* * * LOW HITPOINT WARNING * * *
Pikel freezes you.
* * * LOW HITPOINT WARNING * * *
You focus your inner power and blind Pikel in retribution!
You regained 8 hp, and now have 12/51 hp.
Pikel hits you with a +0 whip of freezing!
* * * LOW HITPOINT WARNING * * *
Pikel freezes you.
* * * LOW HITPOINT WARNING * * *
You take 9 damage, and have 3/51 hp.
There is a stone staircase leading up here.
Pikel barely misses you.
Pikel hits you with a +0 whip of freezing.
* * * LOW HITPOINT WARNING * * *
Pikel freezes you.
You die...

.... #.##.∩.# #.#
#..# #.##...## #.#
#..# #.#..>..###.#
#..# #.#.........#
. #..#
#.#.#8#####.# .5.
#.## #.#.### ###
.....###..#####.#.
.........5.55hK.#.
.....###)5#####@#
### ##.# #.# #.#
#.# #.. #.# #..#
#.# .... #.# ....h
#.# .... #.#


You could see Pikel (fast, blind), a black bear and 3 lemures.

Vanquished Creatures
  A hornet zombie (D:4)
  An ogre (D:5)
  A centaur (D:5)
  A scorpion (D:4)
  A water moccasin skeleton (D:5)
  3 jellies
  An orc priest (D:4)
  An iguana (D:5)
  An orc wizard (D:3)
  Natasha (D:4)
  13 adders
  A white imp (D:5)
  A worm (D:2)
  2 dart slugs
  18 orcs
  7 ball pythons
  3 bats
  7 endoplasms
  A giant cockroach (D:2)
  7 hobgoblins
  5 jackals (D:2)
  4 quokkas
  5 frilled lizards
  8 goblins
  6 kobolds
  6 rats
106 creatures vanquished.

Vanquished Creatures (others)
  A dart slug (D:2)
  261 foxfires
  A plant (D:6)
263 creatures vanquished.

Grand Total: 369 creatures vanquished

Notes
Turn   | Place    | Note
-------+----------+-------------------------------------------
     0 | D:1      | Maimakterion the Demonspawn Fire Elementalist began the
                  | quest for the Orb.
     0 | D:1      | Reached XP level 1. HP: 13/13 MP: 3/3
   521 | D:1      | Gained mutation: You have a pair of small antennae on your
                  | head. [demonic ancestry]
   521 | D:1      | Reached XP level 2. HP: 19/19 MP: 1/5
   524 | D:1      | Learned a level 2 spell: Scorch
   637 | D:1      | Found a faded altar of an unknown god.
   682 | D:1      | Became a worshipper of Ru the Awakened
   690 | D:1      | Gained mutation: You are hated by all. [Ru sacrifice]
   690 | D:1      | Reached * piety under Ru
   690 | D:1      | Reached ** piety under Ru
  1204 | D:2      | Reached XP level 3. HP: 25/25 MP: 6/6
  1208 | D:2      | Learned a level 3 spell: Conjure Flame
  1752 | D:2      | Reached skill level 1 in Fighting
  1956 | D:2      | Reached XP level 4. HP: 32/32 MP: 8/8
  2369 | D:2      | Reached skill level 3 in Spellcasting
  3240 | D:3      | Gained mutation: You regenerate a little health from kills.
                  | [demonic ancestry]
  3240 | D:3      | Reached XP level 5. HP: 33/38 MP: 4/10
  3246 | D:3      | Reached skill level 1 in Shields
  4098 | D:4      | Gained mutation: You cannot study or use magical devices.
                  | [Ru sacrifice]
  4098 | D:4      | Reached *** piety under Ru
  4167 | D:4      | Reached skill level 4 in Spellcasting
  4167 | D:4      | Reached XP level 6. HP: 28/44 MP: 2/12
  4172 | D:4      | Learned a level 4 spell: Flame Wave
  4863 | D:4      | Noticed Natasha
  4870 | D:4      | Killed Natasha
  4967 | D:5      | Entered Level 5 of the Dungeon
  5008 | D:5      | Found a sacrificial altar of Ru.
  5234 | D:5      | Learned a level 3 spell: Stone Arrow
  5264 | D:5      | Reached XP level 7. HP: 23/51 MP: 14/14
  5512 | D:5      | Reached skill level 5 in Spellcasting
  5620 | D:5      | Found a radiant altar of Vehumet.
  5621 | D:5      | Found a hide-covered altar of Uskayaw.
  5646 | D:5      | Reached skill level 1 in Earth Magic
  6244 | D:6      | Found Siatul Uto's Assorted Antiques.
  6285 | D:6      | Noticed Pikel
  6304 | D:6      | HP: 1/51 [Pikel (2)]
  6304 | D:6      | Slain by Pikel

Illustrated notes

Levels and vault maps discovered:
D:1:      dpeg_arrival_chambers_temple_mockup, layout_loops_cross,
          shapermc_ecumenical_altar_ellora
D:2:      layout_basic, minmay_diced_spiral
D:3:      layout_basic, grunt_ministairs_5
D:4:      layout_loops_ring, hangedman_abyss_or_decor_lesser_grid, uniq_natasha
D:5:      layout_loops_ring, jmf_multi_god_temple, nicolae_ru_awakened_eye
D:6:      corexii_shack_village, layout_basic,
          mainiacjoe_overflow_catwalk_spiral, serial_shops,
          nicolae_stop_n_shop_2, uniq_pikel

Skill      XL: |  1  2  3  4  5  6  7 |
---------------+----------------------+-----
Fire Magic     | 3 4 |  4.0
Dodging        | 2 3 |  3.0
Fighting       | 1 2 |  2.8
Spellcasting   | 3 4 5 |  5.0
Conjurations   | 2 |  2.4
Shields        | 1 2 |  2.1
Earth Magic    | 1 |  1.0
Stealth        | |  1.7

Action                   |  1- 3 |  4- 6 |  7- 9 || total
-------------------------+-------+-------+-------++-------
Melee: Unarmed           |     6 |       |       ||     6
       Whip              |     8 |    18 |     1 ||    27
 Cast: Foxfire           |    61 |    70 |    28 ||   159
       Scorch            |     2 |    42 |    21 ||    65
Invok: Sacrifice Love    |     1 |       |       ||     1
       Sacrifice Artific |       |     1 |       ||     1
  Use: Potion            |       |     1 |     1 ||     2
       Scroll            |       |     5 |       ||     5
Armor: Robe              |    11 |    14 |       ||    25
Dodge: Dodged            |    28 |    33 |    12 ||    73
Block: Kite shield       |    17 |    28 |    11 ||    56

Table legend: (Time is in decaauts)
 A = Elapsed time spent in this place.
 B = Non-inter-level travel time spent in this place.
 C = Inter-level travel time spent in this place.
 D = Time resting spent in this place.
 E = Time spent auto-exploring this place.
 F = Levels seen in this place.
 G = Mean time per level.
                   A        B        C        D        E       F      G
               +--------+--------+--------+--------+--------+-----+--------+
         Total |   6311 |   6196 |    115 |    164 |   5199 |   6 | 1051.8 |
       Dungeon |   6311 |   6196 |    115 |    164 |   5199 |   6 | 1051.8 |
               +--------+--------+--------+--------+--------+-----+--------+

Top non-repeatable levels by time:
     D:2: 1551 daAuts
     D:4: 1318 daAuts
     D:5: 1276 daAuts
     D:3: 1141 daAuts
     D:1: 963 daAuts
     D:6: 59 daAuts
